[Event "Mitropa Online Cup Women 2021"]
[Site "Hybrid"]
[Date "2021.05.04"]
[Round "5.5"]
[White "Sankova, Stella"]
[Black "Gaal, Zsoka"]
[Result "1/2-1/2"]
[ECO "B40"]
[WhiteElo "2087"]
[BlackElo "2169"]
[Annotator "NA"]
[PlyCount "53"]
[EventDate "2021.05.04"]
[EventType "team-tourn"]
[EventCountry "NET"]
[SourceTitle "playchess.com"]
[Source "ChessBase"]
[SourceQuality "1"]
[WhiteTeam "Slovakia"]
[BlackTeam "Hungary"]
[WhiteTeamCountry "SVK"]
[BlackTeamCountry "HUN"]
[TimeControl "40/5400+30:1800+30"]

1. e4 c5 2. Nf3 e6 3. g3 Nc6 4. Bg2 Nf6 5. Qe2 e5 6. O-O Be7 7. c3 O-O 8. Rd1 d5 9. d4 dxe4 10. Nxe5 cxd4 11. Nxc6 bxc6 12. Rxd4 Qb6 13. Be3 c5 14. Rd2 Bg4 15. Qe1 Rad8 16. Na3 Qe6 17. Bf1 Bf3 18. Nc4 h5 19. Rxd8 Rxd8 20. Nd2 Nd5 21. c4 Nb4 22. Nxf3 exf3 23. Rd1 Re8 24. Qd2 Rd8 25. Qe1 Re8 26. Qd2 Rd8 27. Qe1 1/2-1/2

[Event "Mitropa Online Cup Women 2021"]
[Site "Hybrid"]
[Date "2021.05.04"]
[Round "5.5"]
[White "Taragelova, Martina"]
[Black "Juhasz, Judit"]
[Result "1/2-1/2"]
[ECO "B33"]
[WhiteElo "2010"]
[BlackElo "2153"]
[Annotator "NA"]
[PlyCount "74"]
[EventDate "2021.05.04"]
[EventType "team-tourn"]
[EventCountry "NET"]
[SourceTitle "playchess.com"]
[Source "ChessBase"]
[SourceQuality "1"]
[WhiteTeam "Slovakia"]
[BlackTeam "Hungary"]
[WhiteTeamCountry "SVK"]
[BlackTeamCountry "HUN"]
[TimeControl "40/5400+30:1800+30"]

1. e4 c5 2. Nf3 Nc6 3. d4 cxd4 4. Nxd4 Qb6 5. Nb3 Nf6 6. Nc3 e6 7. Bd3 a6 8. O-O Qc7 9. Be3 b5 10. f4 d6 11. Qf3 Bb7 12. Rae1 Be7 13. Qg3 O-O 14. e5 dxe5 15. fxe5 Qxe5 16. Bf4 Qh5 17. Ne4 Nd5 18. Bd6 Rad8 19. Bxe7 Ncxe7 20. Nec5 Bc8 21. Rf3 Nc6 22. Re4 f5 23. Nxe6 Bxe6 24. Rxe6 Ncb4 25. a3 Nxd3 26. Rxd3 a5 27. Qe5 Nf6 28. Qe2 Qxe2 29. Rxe2 Rxd3 30. cxd3 Rd8 31. Nxa5 Rxd3 32. Nc6 Rd1+ 33. Kf2 Ng4+ 34. Kg3 g6 35. h3 Nf6 36. Nb4 Ne4+ 37. Kf4 Kf7 1/2-1/2

[Event "Mitropa Online Cup Women 2021"]
[Site "Hybrid"]
[Date "2021.05.04"]
[Round "6.1"]
[White "Lubbe, Melanie"]
[Black "Taragelova, Martina"]
[Result "1-0"]
[ECO "C54"]
[WhiteElo "2274"]
[BlackElo "2010"]
[Annotator "NA"]
[PlyCount "87"]
[EventDate "2021.05.04"]
[EventType "team-tourn"]
[EventCountry "NET"]
[SourceTitle "playchess.com"]
[Source "ChessBase"]
[SourceQuality "1"]
[WhiteTeam "Germany"]
[BlackTeam "Slovakia"]
[WhiteTeamCountry "GER"]
[BlackTeamCountry "SVK"]
[TimeControl "40/5400+30:1800+30"]

1. e4 e5 2. Nf3 Nc6 3. Bc4 Bc5 4. c3 Nf6 5. d4 exd4 6. e5 d5 7. Bb5 Ne4 8. cxd4 Bb4+ 9. Bd2 Bxd2+ 10. Nbxd2 Nxd2 11. Qxd2 Bd7 12. Bd3 Qe7 13. O-O O-O 14. Qf4 h6 15. a3 Qe6 16. h3 Ne7 17. Rac1 c6 18. Rc3 Rae8 19. Bb1 Bc8 20. Re1 f5 21. exf6 Qxf6 22. Qxf6 Rxf6 23. Rce3 Kf8 24. g4 g5 25. Ne5 Rd8 26. Kg2 Rdd6 27. Kg3 Rde6 28. R1e2 Kg7 29. h4 Rf4 30. Rd2 Kf6 31. f3 Kg7 32. b4 a6 33. Ree2 Rff6 34. Rh2 gxh4+ 35. Rxh4 Rd6 36. Rh1 Rf8 37. f4 Rdf6 38. Rf2 Be6 39. g5 Nf5+ 40. Bxf5 Rxf5 41. Rxh6 Re8 42. Rfh2 Bg8 43. Rg6+ Kf8 44. Rh8 1-0

[Event "Mitropa Online Cup Women 2021"]
[Site "Hybrid"]
[Date "2021.05.04"]
[Round "6.1"]
[White "Schneider, Jana"]
[Black "Sankova, Stella"]
[Result "1-0"]
[ECO "C02"]
[WhiteElo "2272"]
[BlackElo "2087"]
[Annotator "NA"]
[PlyCount "69"]
[EventDate "2021.05.04"]
[EventType "team-tourn"]
[EventCountry "NET"]
[SourceTitle "playchess.com"]
[Source "ChessBase"]
[SourceQuality "1"]
[WhiteTeam "Germany"]
[BlackTeam "Slovakia"]
[WhiteTeamCountry "GER"]
[BlackTeamCountry "SVK"]
[TimeControl "40/5400+30:1800+30"]

1. e4 e6 2. d4 d5 3. e5 c5 4. c3 Nc6 5. Nf3 Bd7 6. Be2 Nge7 7. O-O Ng6 8. Re1 Qb6 9. h4 Be7 10. g3 O-O 11. h5 Nh8 12. Bd3 cxd4 13. cxd4 Nb4 14. Be2 Bb5 15. Nc3 Bxe2 16. Rxe2 Rae8 17. Na4 Qd8 18. Bf4 Nc6 19. Rc1 g5 20. hxg6 fxg6 21. Nc5 Bxc5 22. Rxc5 h6 23. Kg2 g5 24. Be3 Ng6 25. b4 Rf7 26. Nh2 Nf4+ 27. gxf4 gxf4 28. Bc1 Qg5+ 29. Kh1 Rg7 30. f3 Nxd4 31. Qxd4 Kh8 32. Rcc2 Reg8 33. Ng4 Qh4+ 34. Rh2 Qe1+ 35. Qg1 1-0

[Event "Mitropa Online Cup Women 2021"]
[Site "Hybrid"]
[Date "2021.05.04"]
[Round "6.1"]
[White "Ferkova, Dominika"]
[Black "Klek, Hanna Marie"]
[Result "0-1"]
[ECO "E81"]
[WhiteElo "2006"]
[BlackElo "2302"]
[Annotator "NA"]
[PlyCount "64"]
[EventDate "2021.05.04"]
[EventType "team-tourn"]
[EventCountry "NET"]
[SourceTitle "playchess.com"]
[Source "ChessBase"]
[SourceQuality "1"]
[WhiteTeam "Slovakia"]
[BlackTeam "Germany"]
[WhiteTeamCountry "SVK"]
[BlackTeamCountry "GER"]
[TimeControl "40/5400+30:1800+30"]

1. d4 Nf6 2. c4 g6 3. Nc3 Bg7 4. e4 d6 5. f3 O-O 6. Be3 a6 7. Nge2 b5 8. cxb5 axb5 9. Nxb5 c6 10. Nbc3 Nbd7 11. Nc1 e5 12. d5 cxd5 13. Nxd5 Nxd5 14. Qxd5 Rb8 15. Qxd6 Rxb2 16. Be2 Bh6 17. Qa3 Bxe3 18. Qxe3 Qa5+ 19. Kf2 Ba6 20. Re1 Rc8 21. Nb3 Qd8 22. Rac1 Rxc1 23. Qxc1 Rxa2 24. Qb1 Qh4+ 25. Kf1 Rxe2 26. Rxe2 Qxh2 27. Qe1 Bxe2+ 28. Qxe2 Nf6 29. Nc5 Nh5 30. Qb2 Nf4 31. Qb8+ Kg7 32. Qxe5+ Kh6 0-1

[Event "Mitropa Online Cup Women 2021"]
[Site "Hybrid"]
[Date "2021.05.04"]
[Round "6.1"]
[White "Kovarikova, Maria"]
[Black "Sieber, Fiona"]
[Result "0-1"]
[ECO "B56"]
[WhiteElo "1899"]
[BlackElo "2275"]
[Annotator "NA"]
[PlyCount "72"]
[EventDate "2021.05.04"]
[EventType "team-tourn"]
[EventCountry "NET"]
[SourceTitle "playchess.com"]
[Source "ChessBase"]
[SourceQuality "1"]
[WhiteTeam "Slovakia"]
[BlackTeam "Germany"]
[WhiteTeamCountry "SVK"]
[BlackTeamCountry "GER"]
[TimeControl "40/5400+30:1800+30"]

1. e4 c5 2. Nf3 d6 3. d4 cxd4 4. Nxd4 Nf6 5. Nc3 Bd7 6. f3 e5 7. Nb3 Be7 8. Be3 O-O 9. Qd2 a5 10. g4 a4 11. Nc1 Be6 12. g5 Nh5 13. N1e2 Nd7 14. Ng3 Nf4 15. h4 a3 16. b3 Qa5 17. Nb5 d5 18. Qxa5 Rxa5 19. Bd2 Raa8 20. O-O-O dxe4 21. Nc7 exf3 22. Nxa8 Rxa8 23. Ne4 Nc5 24. Nxc5 Bxc5 25. Bxf4 exf4 26. Bh3 Re8 27. Bxe6 fxe6 28. Rd7 e5 29. Rc7 Be3+ 30. Kb1 e4 31. h5 f2 32. h6 g6 33. Rg7+ Kh8 34. Rf1 Bd4 35. Rd7 e3 36. Rxd4 e2 0-1

[Event "Mitropa Online Cup Women 2021"]
[Site "Hybrid"]
[Date "2021.05.04"]
[Round "6.2"]
[White "Petrova, Kristyna"]
[Black "Terbe, Julianna"]
[Result "1/2-1/2"]
[ECO "C84"]
[WhiteElo "2303"]
[BlackElo "2267"]
[Annotator "NA"]
[PlyCount "58"]
[EventDate "2021.05.04"]
[EventType "team-tourn"]
[EventCountry "NET"]
[SourceTitle "playchess.com"]
[Source "ChessBase"]
[SourceQuality "1"]
[WhiteTeam "Czech Republic"]
[BlackTeam "Hungary"]
[WhiteTeamCountry "CZE"]
[BlackTeamCountry "HUN"]
[TimeControl "40/5400+30:1800+30"]

1. e4 e5 2. Nf3 Nc6 3. Bb5 a6 4. Ba4 Nf6 5. O-O Be7 6. d3 b5 7. Bb3 d6 8. a4 Bd7 9. Bd2 O-O 10. h3 Rb8 11. axb5 axb5 12. Nc3 Be6 13. Nd5 Qd7 14. Nxe7+ Nxe7 15. c3 c5 16. Bg5 c4 17. Bc2 Ng6 18. d4 exd4 19. cxd4 d5 20. Bxf6 gxf6 21. e5 Kh8 22. Bxg6 fxg6 23. Ra6 Qc8 24. Qa1 fxe5 25. Nxe5 Ra8 26. Ra5 Qd8 27. Ra6 Qc8 28. Ra5 Qd8 29. Ra6 Qc8 1/2-1/2

[Event "Mitropa Online Cup Women 2021"]
[Site "Hybrid"]
[Date "2021.05.04"]
[Round "6.2"]
[White "Juhasz, Barbara"]
[Black "Worek, Joanna"]
[Result "1-0"]
[ECO "C07"]
[WhiteElo "2211"]
[BlackElo "2322"]
[Annotator "NA"]
[PlyCount "53"]
[EventDate "2021.05.04"]
[EventType "team-tourn"]
[EventCountry "NET"]
[SourceTitle "playchess.com"]
[Source "ChessBase"]
[SourceQuality "1"]
[WhiteTeam "Hungary"]
[BlackTeam "Czech Republic"]
[WhiteTeamCountry "HUN"]
[BlackTeamCountry "CZE"]
[TimeControl "40/5400+30:1800+30"]

1. e4 e6 2. d4 d5 3. Nd2 c5 4. exd5 Qxd5 5. Ngf3 cxd4 6. Bc4 Qd7 7. O-O a6 8. a4 Nc6 9. Nb3 Bd6 10. Nbxd4 Nge7 11. Nxc6 Qxc6 12. Bb5 axb5 13. axb5 Qxb5 14. Rxa8 Bc7 15. b3 b6 16. Bb2 f6 17. Ra7 Bb8 18. Ra8 Bc7 19. Re1 Kf7 20. Nd4 Qd5 21. Ra7 Bb8 22. c4 Qd8 23. Rxe7+ Qxe7 24. Nc6 Qc7 25. Nxb8 Qxb8 26. Qh5+ g6 27. Qf3 1-0

[Event "Mitropa Online Cup Women 2021"]
[Site "Hybrid"]
[Date "2021.05.04"]
[Round "6.2"]
[White "Richterova, Natasa"]
[Black "Gaal, Zsoka"]
[Result "1-0"]
[ECO "D38"]
[WhiteElo "2188"]
[BlackElo "2169"]
[Annotator "NA"]
[PlyCount "155"]
[EventDate "2021.05.04"]
[EventType "team-tourn"]
[EventCountry "NET"]
[SourceTitle "playchess.com"]
[Source "ChessBase"]
[SourceQuality "1"]
[WhiteTeam "Czech Republic"]
[BlackTeam "Hungary"]
[WhiteTeamCountry "CZE"]
[BlackTeamCountry "HUN"]
[TimeControl "40/5400+30:1800+30"]

1. d4 Nf6 2. c4 e6 3. Nf3 d5 4. Nc3 Bb4 5. Bg5 h6 6. Bxf6 Bxc3+ 7. bxc3 Qxf6 8. g3 O-O 9. Bg2 c6 10. O-O Nd7 11. Qb3 Nb6 12. Ne5 dxc4 13. Qb4 Re8 14. a4 Qe7 15. Qxe7 Rxe7 16. a5 Nd5 17. Rfc1 Rb8 18. e4 Nf6 19. Nxc4 b5 20. axb6 axb6 21. Rcb1 b5 22. Ne5 Rc7 23. Nd3 Nd7 24. Bf1 Kf8 25. Ra5 Ke7 26. f4 g6 27. e5 Nb6 28. Nc5 Bd7 29. Rba1 Bc8 30. Bg2 Nd5 31. Bxd5 cxd5 32. Rb1 Bd7 33. Kf2 Rbc8 34. Ke2 Be8 35. Kd2 Bd7 36. Rb4 Be8 37. Rb3 Bc6 38. Rba3 Bd7 39. Kc2 Be8 40. Kb3 Bd7 41. Kb4 Be8 42. Ra1 h5 43. Ra6 Bc6 44. Ra7 Kd8 45. Rxc7 Rxc7 46. Ra6 Kc8 47. Rb6 Be8 48. Na6 Ra7 49. Rb8+ Kd7 50. Nc5+ Ke7 51. Rb7+ Rxb7 52. Nxb7 f6 53. Nd6 Bd7 54. Kc5 g5 55. fxg5 fxg5 56. Kb6 Kd8 57. Nf7+ Ke7 58. Nxg5 Be8 59. Kc7 Bg6 60. Nh3 Bf7 61. Nf4 Be8 62. Nd3 Bg6 63. Nb4 Bf5 64. Nc6+ Kf7 65. Kd6 Ke8 66. Na7 Kf7 67. Nxb5 Kg6 68. Nc7 Kf7 69. Kd7 Kf8 70. Nb5 Kg7 71. Ke7 Kg6 72. Nc7 Kg5 73. Nxe6+ Kg4 74. Nf4 h4 75. Nxd5 h3 76. Nf4 Kf3 77. Kf6 Bg4 78. e6 1-0

[Event "Mitropa Online Cup Women 2021"]
[Site "Hybrid"]
[Date "2021.05.04"]
[Round "6.2"]
[White "Terbe, Zsuzsanna"]
[Black "Kanakova, Natalie"]
[Result "1-0"]
[ECO "D27"]
[WhiteElo "2186"]
[BlackElo "2179"]
[Annotator "NA"]
[PlyCount "105"]
[EventDate "2021.05.04"]
[EventType "team-tourn"]
[EventCountry "NET"]
[SourceTitle "playchess.com"]
[Source "ChessBase"]
[SourceQuality "1"]
[WhiteTeam "Hungary"]
[BlackTeam "Czech Republic"]
[WhiteTeamCountry "HUN"]
[BlackTeamCountry "CZE"]
[TimeControl "40/5400+30:1800+30"]

1. d4 d5 2. c4 dxc4 3. Nf3 Nf6 4. e3 e6 5. Bxc4 c5 6. O-O a6 7. Bb3 Nc6 8. Nc3 cxd4 9. exd4 Be7 10. Bg5 O-O 11. Qd2 b5 12. a3 Bb7 13. Qf4 Na5 14. Bc2 Nh5 15. Qh4 Bxg5 16. Nxg5 h6 17. Bh7+ Kh8 18. Nxf7+ Rxf7 19. Qxh5 Rf6 20. Bc2 Nc4 21. Qg4 Nxb2 22. Ne4 Bxe4 23. Qxe4 Kg8 24. Rfe1 Rc8 25. Bb3 Nc4 26. a4 Qd5 27. Qg4 h5 28. Qh4 Rg6 29. g3 Rg4 30. Qe7 Rxd4 31. Qxe6+ Qxe6 32. Rxe6 Rd3 33. Bd1 bxa4 34. Bxa4 a5 35. Ra6 Rc5 36. h4 Nb2 37. Ra8+ Kf7 38. Be8+ Ke7 39. Re1+ Kd6 40. Ra6+ Kd5 41. Re2 Nc4 42. Bf7+ Kd4 43. Ra2 Ne5 44. Bxh5 Nc6 45. Ra4+ Kc3 46. Be8 Nd4 47. R4xa5 Rc8 48. Bh5 Kd2 49. Ra2+ Rc2 50. Rxc2+ Nxc2 51. Bg6 Ra3 52. Rd6+ Kc1 53. Rc6 1-0

[Event "Mitropa Online Cup Women 2021"]
[Site "Hybrid"]
[Date "2021.05.04"]
[Round "6.3"]
[White "Hakimifard, Ghazal"]
[Black "Trippold, Denise"]
[Result "1-0"]
[ECO "C09"]
[WhiteElo "2265"]
[BlackElo "2145"]
[Annotator "NA"]
[PlyCount "57"]
[EventDate "2021.05.04"]
[EventType "team-tourn"]
[EventCountry "NET"]
[SourceTitle "playchess.com"]
[Source "ChessBase"]
[SourceQuality "1"]
[WhiteTeam "Switzerland"]
[BlackTeam "Austria"]
[WhiteTeamCountry "SUI"]
[BlackTeamCountry "AUT"]
[TimeControl "40/5400+30:1800+30"]

1. e4 e6 2. d4 d5 3. Nd2 c5 4. exd5 exd5 5. Ngf3 Nc6 6. Bb5 Qe7+ 7. Be2 Qc7 8. O-O Nf6 9. Re1 cxd4 10. Nb3 Bb4 11. Bd2 Bxd2 12. Qxd2 O-O 13. Nfxd4 Bd7 14. Nxc6 bxc6 15. c4 dxc4 16. Bxc4 Rfe8 17. Nc5 Bf5 18. Qg5 Bg6 19. Nd3 Be4 20. Rac1 Qb6 21. b3 Rad8 22. Ne5 Bd5 23. Re3 h6 24. Qf4 Qc7 25. Qf5 Bxc4 26. Nxc4 Rxe3 27. Nxe3 Rd2 28. a3 Rc2 29. Qxc2 1-0

[Event "Mitropa Online Cup Women 2021"]
[Site "Hybrid"]
[Date "2021.05.04"]
[Round "6.3"]
[White "Froewis, Annika"]
[Black "Mueller-Seps, Monika"]
[Result "1-0"]
[ECO "D00"]
[WhiteElo "2143"]
[BlackElo "2243"]
[Annotator "NA"]
[PlyCount "169"]
[EventDate "2021.05.04"]
[EventType "team-tourn"]
[EventCountry "NET"]
[SourceTitle "playchess.com"]
[Source "ChessBase"]
[SourceQuality "1"]
[WhiteTeam "Austria"]
[BlackTeam "Switzerland"]
[WhiteTeamCountry "AUT"]
[BlackTeamCountry "SUI"]
[TimeControl "40/5400+30:1800+30"]

1. d4 Nf6 2. Nc3 d5 3. Bf4 a6 4. e3 Bf5 5. f3 e6 6. g4 Bg6 7. h4 h5 8. g5 Nfd7 9. Bd3 Bxd3 10. Qxd3 g6 11. Nge2 Bg7 12. e4 c6 13. O-O-O b5 14. Rde1 Nb6 15. Be5 Bxe5 16. dxe5 N8d7 17. exd5 cxd5 18. Ng3 Qc7 19. f4 Qc4 20. Qxc4 Nxc4 21. Nce2 Rc8 22. Nd4 O-O 23. Rh2 Rfe8 24. Rhe2 Nf8 25. Rf1 Rc7 26. Rf3 Na5 27. Rd3 Nd7 28. Kb1 Nb6 29. Rf3 Nc6 30. Nxc6 Rxc6 31. Rd2 Rc4 32. b3 Rc7 33. Ne2 Rec8 34. Kb2 Nd7 35. Rc3 Nc5 36. Rd4 Kf8 37. a3 Ke7 38. Re3 Ne4 39. c3 a5 40. Rdd3 Nc5 41. Rd1 Nd7 42. Nd4 Rb7 43. Nc2 Nc5 44. Rf3 Na6 45. Rd4 Nb8 46. Rdd3 Nc6 47. Rf2 b4 48. cxb4 axb4 49. axb4 Nxb4 50. Rd4 Rcb8 51. Nxb4 Rxb4 52. Rxb4 Rxb4 53. Ka3 Re4 54. b4 Kd7 55. Ka4 Kc6 56. Ka5 Rc4 57. Rf3 Rc1 58. b5+ Kb7 59. Rb3 Ra1+ 60. Kb4 Rf1 61. Kc5 Rxf4 62. Rh3 Kc7 63. b6+ Kb7 64. Ra3 Rc4+ 65. Kb5 Kb8 66. Rf3 Rxh4 67. Rxf7 Rc4 68. Ka6 Ra4+ 69. Kb5 Rc4 70. Rf6 Rc8 71. Rxg6 d4 72. Rxe6 d3 73. Rd6 Re8 74. e6 d2 75. Ka6 Kc8 76. Rxd2 Rxe6 77. Rh2 Re1 78. Rxh5 Ra1+ 79. Kb5 Rb1+ 80. Kc6 Rc1+ 81. Kd5 Rb1 82. Rh8+ Kb7 83. g6 Rxb6 84. g7 Rg6 85. g8=Q 1-0

[Event "Mitropa Online Cup Women 2021"]
[Site "Hybrid"]
[Date "2021.05.04"]
[Round "6.3"]
[White "Heinatz, Gundula"]
[Black "Hapala, Elisabeth"]
[Result "1-0"]
[ECO "A45"]
[WhiteElo "2131"]
[BlackElo "2120"]
[Annotator "NA"]
[PlyCount "179"]
[EventDate "2021.05.04"]
[EventType "team-tourn"]
[EventCountry "NET"]
[SourceTitle "playchess.com"]
[Source "ChessBase"]
[SourceQuality "1"]
[WhiteTeam "Switzerland"]
[BlackTeam "Austria"]
[WhiteTeamCountry "SUI"]
[BlackTeamCountry "AUT"]
[TimeControl "40/5400+30:1800+30"]

1. d4 Nf6 2. Bf4 e6 3. e3 c5 4. Nd2 cxd4 5. exd4 b6 6. Nc4 d6 7. Qf3 Nd5 8. Ne3 Nc7 9. Bd3 d5 10. Qg3 Nba6 11. a4 Bb7 12. Nf3 Rc8 13. c3 Nb8 14. a5 b5 15. Bxc7 Qxc7 16. Bxb5+ Bc6 17. Bd3 Qxg3 18. hxg3 Nd7 19. g4 Rb8 20. b4 Bd6 21. g5 Bb5 22. Bxb5 Rxb5 23. g3 Ke7 24. Kd2 f6 25. Rae1 Kf7 26. Ng4 Nf8 27. gxf6 gxf6 28. Rh5 Kg7 29. Reh1 Ng6 30. Ne3 a6 31. Ne1 Ne7 32. Nd3 Ng6 33. f4 Ne7 34. R5h3 Kg6 35. Rh6+ Kg7 36. g4 Ng8 37. R6h3 Ne7 38. Rg1 h6 39. Rf3 Kf7 40. Rh1 Rbb8 41. Rfh3 Kg7 42. Re1 Kf7 43. Rf1 Rbd8 44. Rh5 Nc6 45. Rfh1 Kg7 46. R5h3 Be7 47. Re1 Kf7 48. Kc2 Rc8 49. Kd2 Rcd8 50. Rb1 Rb8 51. Rhh1 Rb5 52. Nc2 Rg8 53. Rbg1 Kg7 54. Rh2 Rh8 55. Re1 Kf7 56. Rhe2 e5 57. dxe5 fxe5 58. Nxe5+ Nxe5 59. fxe5 Rg8 60. Rf1+ Ke8 61. Nd4 Rb8 62. Rg1 h5 63. Reg2 Bg5+ 64. Kd3 h4 65. Nf3 Kd7 66. Rh1 Ke6 67. Nxg5+ Rxg5 68. Rxh4 Kxe5 69. Rh6 Ra8 70. Re2+ Kf4 71. Rf6+ Kxg4 72. Rg2+ Kh5 73. Rxg5+ Kxg5 74. Rd6 Kf5 75. Rxd5+ Ke6 76. c4 Rh8 77. Kd4 Rb8 78. Kc3 Rh8 79. Rd3 Rh5 80. Kb3 Rg5 81. Rh3 Rg6 82. b5 axb5 83. cxb5 Kd6 84. Rc3 Rg1 85. a6 Rb1+ 86. Ka4 Ra1+ 87. Kb4 Kd7 88. Ra3 Rb1+ 89. Kc5 Kc7 90. a7 1-0

[Event "Mitropa Online Cup Women 2021"]
[Site "Hybrid"]
[Date "2021.05.04"]
[Round "6.3"]
[White "Mayrhuber, Nikola"]
[Black "Hund, Sarah"]
[Result "1-0"]
[ECO "D34"]
[WhiteElo "2040"]
[BlackElo "2049"]
[Annotator "NA"]
[PlyCount "103"]
[EventDate "2021.05.04"]
[EventType "team-tourn"]
[EventCountry "NET"]
[SourceTitle "playchess.com"]
[Source "ChessBase"]
[SourceQuality "1"]
[BlackTeam "Switzerland"]
[BlackTeamCountry "SUI"]
[TimeControl "40/5400+30:1800+30"]

1. d4 d5 2. c4 e6 3. Nc3 c5 4. cxd5 exd5 5. Nf3 Nc6 6. g3 Nf6 7. Bg2 Be7 8. O-O O-O 9. b3 Ne4 10. Bb2 Bf6 11. Nxe4 dxe4 12. Nd2 e3 13. fxe3 cxd4 14. Bxc6 dxe3 15. Bxf6 gxf6 16. Ne4 Qxd1 17. Nxf6+ Kg7 18. Raxd1 bxc6 19. Rf3 Ba6 20. Nh5+ Kh6 21. Nf4 Rfe8 22. Rd6+ Kg7 23. Nh5+ Kh8 24. Rxf7 Rf8 25. Rxf8+ Rxf8 26. Nf4 Re8 27. Rd7 Bc8 28. Rxa7 Bf5 29. Ra4 Rd8 30. Kg2 Bb1 31. Kf3 Re8 32. Ng2 Kg7 33. Nxe3 Kf6 34. a3 Ke5 35. Ng4+ Kd6 36. e4 Bc2 37. Rd4+ Kc7 38. Nf6 Re7 39. b4 Kb6 40. Nd7+ Kb5 41. Nc5 Ra7 42. e5 Rxa3+ 43. Kf4 Ra2 44. Ne4 Ra8 45. e6 Bxe4 46. Rxe4 c5 47. e7 Re8 48. bxc5 Kxc5 49. Kf5 Kd5 50. Re2 Kd6 51. Kf6 Kd7 52. Kf7 1-0

[Event "Mitropa Online Cup Women 2021"]
[Site "Hybrid"]
[Date "2021.05.04"]
[Round "6.4"]
[White "Cvitan, Ena"]
[Black "Guichard, Pauline"]
[Result "0-1"]
[ECO "E48"]
[WhiteElo "2263"]
[BlackElo "2415"]
[Annotator "NA"]
[PlyCount "88"]
[EventDate "2021.05.04"]
[EventType "team-tourn"]
[EventCountry "NET"]
[SourceTitle "playchess.com"]
[Source "ChessBase"]
[SourceQuality "1"]
[WhiteTeam "Croatia"]
[BlackTeam "France"]
[WhiteTeamCountry "CRO"]
[BlackTeamCountry "FRA"]
[TimeControl "40/5400+30:1800+30"]

1. d4 Nf6 2. c4 e6 3. Nc3 Bb4 4. e3 O-O 5. Bd3 c5 6. Nge2 d5 7. cxd5 cxd4 8. exd4 Nxd5 9. O-O Nc6 10. Nxd5 exd5 11. Be3 Bd6 12. Re1 Bg4 13. f3 Be6 14. Rc1 Qh4 15. g3 Qf6 16. Kg2 Rae8 17. Nc3 Re7 18. Qd2 h6 19. a3 Kh8 20. Qf2 Bc7 21. Rcd1 Rd8 22. Bb1 Bf5 23. Ba2 Red7 24. b4 Qg6 25. Kh1 Ne7 26. Bb3 Nc8 27. Na4 Re7 28. g4 Bd3 29. Nc5 Bc4 30. Bc2 Qf6 31. Nxb7 Rde8 32. Ba4 Rf8 33. Nc5 Nb6 34. Bc2 Rfe8 35. Nd3 Bxd3 36. Bxd3 Nc4 37. Bxc4 dxc4 38. Bd2 Bb6 39. Bc3 Rxe1+ 40. Bxe1 Bxd4 41. Rxd4 Rxe1+ 42. Qxe1 Qxd4 43. Qe8+ Kh7 44. Qxf7 Qd3 0-1

[Event "Mitropa Online Cup Women 2021"]
[Site "Hybrid"]
[Date "2021.05.04"]
[Round "6.4"]
[White "Navrotescu, Andreea-Cristiana"]
[Black "Medic, Mirjana"]
[Result "0-1"]
[ECO "D37"]
[WhiteElo "2247"]
[BlackElo "2147"]
[Annotator "NA"]
[PlyCount "124"]
[EventDate "2021.05.04"]
[EventType "team-tourn"]
[EventCountry "NET"]
[SourceTitle "playchess.com"]
[Source "ChessBase"]
[SourceQuality "1"]
[WhiteTeam "France"]
[BlackTeam "Croatia"]
[WhiteTeamCountry "FRA"]
[BlackTeamCountry "CRO"]
[TimeControl "40/5400+30:1800+30"]

1. d4 d5 2. c4 e6 3. Nc3 Nf6 4. Nf3 Be7 5. Bf4 O-O 6. e3 b6 7. Rc1 c5 8. cxd5 Nxd5 9. Nxd5 exd5 10. Bd3 c4 11. Bb1 Bb4+ 12. Kf1 Bd6 13. Ne5 Be6 14. Qh5 f5 15. g4 Bxe5 16. Bxe5 g6 17. Qh6 Qd7 18. Rg1 Rf7 19. gxf5 Bxf5 20. Rxg6+ Bxg6 21. Bxg6 Re7 22. Bh5 Qf5 23. Ke2 Qd3+ 24. Ke1 Qf5 25. f4 Nd7 26. Kf2 Nxe5 27. dxe5 Kh8 28. Bf3 Rd8 29. Rg1 Qc2+ 30. Be2 Qf5 31. Rg5 Qf8 32. Qh4 b5 33. Bg4 d4 34. Rf5 dxe3+ 35. Kxe3 Rd3+ 36. Ke2 Qg7 37. Rg5 Qf8 38. Rf5 Qg7 39. Rg5 Qf8 40. Bf5 Rd4 41. Qf2 Qd8 42. Qe3 b4 43. Kf3 Rc7 44. Kg4 c3 45. Be6 Rg7 46. Rxg7 Kxg7 47. bxc3 bxc3 48. Bf5 Qd5 49. Qxc3 Qxe5 50. Qg3 Kf7 51. Qf2 h5+ 52. Kg3 Qc5 53. Bc2 Kf6 54. Bb3 Qc3+ 55. Kh4 Rd3 56. Kxh5 Kf5 57. Be6+ Kxe6 58. Qe2+ Kf7 59. Qe4 Qh8+ 60. Kg4 Qg7+ 61. Kh4 Qh6+ 62. Kg4 Qg6+ 0-1

[Event "Mitropa Online Cup Women 2021"]
[Site "Hybrid"]
[Date "2021.05.04"]
[Round "6.4"]
[White "Vujnovic, Patricija"]
[Black "Monpeurt, Cyrielle"]
[Result "0-1"]
[ECO "A33"]
[WhiteElo "2129"]
[BlackElo "2166"]
[Annotator "NA"]
[PlyCount "136"]
[EventDate "2021.05.04"]
[EventType "team-tourn"]
[EventCountry "NET"]
[SourceTitle "playchess.com"]
[Source "ChessBase"]
[SourceQuality "1"]
[WhiteTeam "Croatia"]
[BlackTeam "France"]
[WhiteTeamCountry "CRO"]
[BlackTeamCountry "FRA"]
[TimeControl "40/5400+30:1800+30"]

1. c4 c5 2. Nc3 Nc6 3. Nf3 Nf6 4. d4 cxd4 5. Nxd4 e6 6. Ndb5 d5 7. Bf4 e5 8. cxd5 exf4 9. dxc6 bxc6 10. Qxd8+ Kxd8 11. Rd1+ Bd7 12. Nd6 Bxd6 13. Rxd6 Rb8 14. Rd2 Kc7 15. g3 fxg3 16. hxg3 Rhd8 17. Bg2 Be6 18. Rxd8 Kxd8 19. b3 c5 20. Rh4 Rb4 21. Na4 Rxh4 22. gxh4 Nd7 23. Kd2 Kc7 24. Nc3 a5 25. Nd5+ Kd6 26. Nf4 Ne5 27. Nxe6 Kxe6 28. Kc3 Kd6 29. Be4 Ng4 30. f4 Nf6 31. Bf3 Nd5+ 32. Kc4 Nxf4 33. Kb5 Ng6 34. h5 Ne5 35. Be4 g6 36. hxg6 fxg6 37. Kxa5 h5 38. Kb6 g5 39. a4 Nd7+ 40. Kb7 c4 41. b4 Nf6 42. a5 Nxe4 43. a6 c3 44. a7 c2 45. a8=Q c1=Q 46. Qd8+ Ke5 47. Qe8+ Kd4 48. Qh8+ Ke3 49. Qxh5 Qc4 50. Qh3+ Kxe2 51. Qg2+ Kd3 52. Qf1+ Kc3 53. Qe1+ Kb3 54. Ka7 Ka4 55. Qa1+ Kxb4 56. Qb2+ Kc5 57. Qe5+ Qd5 58. Qe7+ Kd4 59. Qb4+ Qc4 60. Qb2+ Kd5 61. Qb7+ Kd6 62. Qb6+ Kd7 63. Qb2 Qc7+ 64. Ka8 Qa5+ 65. Kb8 Qd8+ 66. Ka7 Nd6 67. Qg7+ Qe7 68. Qc3 Nb5+ 0-1